 Dungeon Crawl Stone Soup version 0.30.1-3-gfc49f6343a (webtiles) character file.

Game seed: 15566551713064936003

7923 inyourholes the Cleaver (level 11, -3/101 HPs)
             Began as a Minotaur Berserker on July 18, 2023.
             Was a High Priest of Trog.
             Shot with an arrow by a centaur warrior (5 damage)
             ... on level 9 of the Dungeon.
             The game lasted 00:38:46 (8467 turns).

inyourholes the Cleaver (Minotaur Berserker)        Turns: 8467, Time: 00:38:47

Health: -3/101     AC: 16    Str: 26    XL:     11   Next: 3%
Magic:  10/10      EV: 12    Int:  4    God:    Trog [*****.]
Gold:   416        SH:  0    Dex: 10    Spells: 10/10 levels left

rFire   + + .        p - +10 spear of Twilight {spect, rC+}
rCold   + . .        (no shield)
rNeg    . . .        M - +2 chain mail {rF+}
rPois   .            (helmet restricted)
rElec   .            D - +0 cloak
rCorr   .            (no gloves)
SInv    .            O - +0 pair of boots
Will    +....        (no amulet) Stlth
                     u - ring of protection from fire
HPRegen 0.36/turn    B - ring of willpower
MPRegen 0.12/turn

%: no passive effects
@: on berserk cooldown, slowed, very slow
A: horns 2, retaliatory headbutt
a: Renounce Religion, Berserk, Trog's Hand, Brothers in Arms


You were on level 9 of the Dungeon.
You worshipped Trog.
Trog was extremely pleased with you.
You visited 1 branch of the dungeon, and saw 9 of its levels.

You collected 581 gold pieces.
You spent 165 gold pieces at shops.

Inventory:

Hand Weapons
 p - the +10 spear of Twilight (weapon) {spect, rC+}
   (You found it on level 2 of the Dungeon)

   rC:        It protects you from cold.
 N - a +2 dire flail of freezing
Armour
 a - a +0 plate armour
 b - a +0 helmet
 d - the +3 ring mail of the Gate {Rampage Str+3}
   (You found it on level 7 of the Dungeon)

   Str:       It affects your strength (+3).
   Rampage:   It bestows one free step when moving towards enemies.
 D - a +0 cloak (worn)
 M - a +2 chain mail of fire resistance (worn)
 O - a +0 pair of boots (worn)
Jewellery
 u - a ring of protection from fire (left hand)
 B - a ring of willpower (right hand)
 F - a ring of magical power
 I - a ring of see invisible
Wands
 t - a wand of iceblast (5)
 L - a wand of flame (2)
Scrolls
 g - 2 scrolls of enchant weapon {unknown}
 h - 2 scrolls of poison {unknown}
 i - 3 scrolls of immolation {unknown}
 j - 4 scrolls of teleportation {unknown}
 k - 3 scrolls of noise {unknown}
 q - 2 scrolls of amnesia {unknown}
 r - a scroll of fear {unknown}
 s - a scroll of acquirement {unknown}
 w - 9 scrolls of identify {unknown}
 x - 2 scrolls of blinking {unknown}
 y - 2 scrolls of torment {unknown}
 A - a scroll of brand weapon {unknown}
 C - 2 scrolls of fog {unknown}
 G - 2 scrolls of enchant armour {unknown}
Potions
 c - a potion of resistance {unknown}
 e - 2 potions of flight {unknown}
 f - 2 potions of might {unknown}
 l - 3 potions of berserk rage {unknown}
 m - 5 potions of heal wounds {unknown}
 n - 4 potions of curing {unknown}
 o - a potion of lignification {unknown}
 v - a potion of cancellation {unknown}
 z - 3 potions of brilliance {unknown}
 E - a potion of haste {unknown}
 H - 2 potions of invisibility {unknown}
 J - a potion of mutation {unknown}
 K - 2 potions of attraction {unknown}
 P - a potion of degeneration {unknown}


   Skills:
 + Level 10.8 Fighting
 + Level 10.9 Axes
 + Level 10.5 Armour
 + Level 9.6 Dodging


You had 10 spell levels left.
You didn't know any spells.
Your spell library contained the following spells:

 Spells                   Type           Power      Damage    Failure   Level
 Sandblast                Erth           0%         2d4       91%         1
 Passwall                 Tmut/Erth      0%         N/A       97%         2
 Gell's Gravitas          Tloc           0%         N/A       100%        3
 Stone Arrow              Conj/Erth      0%         3d7       100%        3
 Teleport Other           Tloc           0%         N/A       100%        3
 Dispersal                Tloc           0%         N/A       100%        6


Dungeon Overview and Level Annotations

Branches:
Dungeon (9/15)             Temple (0/1) D:6             Orc (0/2) D:9
   Lair: D:8-11

Altars:
Ashenzari
Elyvilon
Hepliaklqana
Kikubaaqudgha
Wu Jian

Shops:
D:4 *[*(   D:6 :[

Annotations:
D:9 1 runed translucent door


Innate Abilities, Weirdness & Mutations

You have a pair of horns on your head.
You reflexively headbutt those who attack you in melee.


Message History

The six-headed hydra bites you.
A red film seems to cover your vision as you go berserk!
You feel yourself moving faster!
You feel mighty!
Your +10 spear of Twilight {spect, rC+} disappears.
The six-headed hydra closely misses you. x2
The six-headed hydra bites you but does no damage. x4
You puncture the six-headed hydra! You headbutt the six-headed hydra!
The six-headed hydra is severely wounded.
Your +10 spear of Twilight {spect, rC+} hits the six-headed hydra!
The deep elf pyromancer shouts!
You puncture the six-headed hydra!
You kill the six-headed hydra!
Trog accepts your kill.
Your +10 spear of Twilight {spect, rC+} disappears.
You have reached level 11!
You see here a hydra corpse.
You feel a strong urge to attack something.
The hornet buzzes angrily.
You feel your anger nearly subside.
You are no longer berserk.
You are exhausted.
You feel yourself slow down.
The centaur warrior shouts!
The centaur warrior wields a +0 shortbow.
The centaur warrior shoots an arrow.
The arrow barely misses you.
The centaur warrior shoots an arrow.
The arrow hits you.
The centaur warrior shoots an arrow.
The arrow closely misses you.
The centaur warrior shoots an arrow.
The arrow hits you!
The centaur warrior shoots an arrow.
The arrow hits you.
The centaur warrior shoots an arrow.
The arrow completely misses you.
The centaur warrior shoots an arrow.
The arrow hits you!
* * * LOW HITPOINT WARNING * * *
The centaur warrior shoots an arrow.
The arrow hits you!
* * * LOW HITPOINT WARNING * * *
The centaur warrior shoots an arrow.
The arrow hits you!
* * * LOW HITPOINT WARNING * * *
Unknown command.
The centaur warrior shoots an arrow.
The arrow hits you.
* * * LOW HITPOINT WARNING * * *
The centaur warrior shoots an arrow.
The arrow hits you.
You die...

#....##.##(.. .. .. .
#.#####..####. .##. .##. .# #.
##..#.##.# . #.## ##.†..#e# #.
#.#. #.. ###.##.# .# #$## ##.#
#..## # .## ##. ###..#######
#...## .. .. ##.. ...........#
#.#..## #. ####..# ...........#
#.@#..#.##.##.#..##
..##.......# ##...c...'.#....##
..##......)#######.##.##$##..##
......)............##..###...#
......##....)....### #..#..#.#
......##)))......# #...#..#
.................# ####..##
.......)).).....)#########.##
.......##.......)))........#


You could see a centaur warrior.

Vanquished Creatures
  A hydra (D:9)
  A two-headed ogre (D:8)
  A deep elf pyromancer (D:9)
  2 trolls
  A shadow (D:9)
  A human (D:9)
  10 yaks (D:9)
  A steam dragon (D:8)
  Edmund (D:5)
  4 water moccasins
  7 orc warriors
  An ice beast (D:7)
  A sky beast (D:6)
  A black bear (D:6)
  A centaur (D:9)
  3 ogres
  3 phantoms
  A kobold brigand (D:7)
  A bullfrog (D:8)
  2 scorpions (D:5)
  13 wights
  3 howler monkeys
  5 gnoll boudas
  3 hounds (D:5)
  3 orc priests
  2 sleepcaps
  An iguana (D:7)
  5 orc wizards
  14 gnolls
  13 adders
  3 river rats (D:3)
  3 white imps
  An ufetubus (D:5)
  6 worms
  3 dart slugs
  33 orcs
  5 ball pythons
  8 endoplasms
  4 giant cockroaches
  4 hobgoblins
  8 kobolds
  2 quokkas
  6 bats
  5 frilled lizards
  20 goblins
  6 rats
223 creatures vanquished.

Notes
Turn   | Place    | Note
-------+----------+-------------------------------------------
     0 | D:1      | inyourholes the Minotaur Berserker began the quest for the
                  | Orb.
     0 | D:1      | Reached XP level 1. HP: 19/19 MP: 0/0
   232 | D:1      | Reached XP level 2. HP: 23/27 MP: 1/1
   558 | D:1      | Reached ** piety under Trog
   838 | D:1      | Reached XP level 3. HP: 33/33 MP: 2/2
   950 | D:1      | Found a faded altar of an unknown god.
  1718 | D:2      | Identified the +10 spear of Twilight {spect, rC+}
  1870 | D:3      | Reached XP level 4. HP: 39/41 MP: 3/3
  2569 | D:3      | Reached XP level 5. HP: 47/47 MP: 4/4
  2731 | D:3      | Reached *** piety under Trog
  2869 | D:4      | Found Qiublius's Antique Armour Shoppe.
  3006 | D:4      | Reached skill level 5 in Fighting
  3006 | D:4      | Reached skill level 5 in Axes
  3033 | D:4      | Found Ewokad's General Store.
  3035 | D:4      | Found Oxkippol's Specific Store.
  3221 | D:4      | Noticed a phantom
  3232 | D:4      | Killed a phantom
  3233 | D:4      | Reached XP level 6. HP: 56/56 MP: 5/5
  3383 | D:4      | Found a white marble altar of Elyvilon.
  3422 | D:4      | Found Sada's Weapon Shoppe.
  3749 | D:5      | Entered Level 5 of the Dungeon
  3847 | D:5      | Noticed a water moccasin
  3848 | D:5      | Reached skill level 5 in Armour
  3848 | D:5      | Reached XP level 7. HP: 35/62 MP: 6/6
  3933 | D:5      | Noticed Edmund
  3964 | D:5      | Killed Edmund
  4135 | D:5      | Found an ornate altar of the Wu Jian Council.
  4157 | D:5      | Reached skill level 5 in Dodging
  4780 | D:6      | Found a staircase to the Ecumenical Temple.
  4789 | D:6      | Reached XP level 8. HP: 71/71 MP: 7/7
  4854 | D:6      | Reached **** piety under Trog
  4999 | D:6      | Found Caxtajor's Tremendous Tomes.
  5157 | D:6      | Found Xihi's Antique Armour Shop.
  5165 | D:6      | Bought a runed chain mail for 165 gold pieces
  5172 | D:6      | You fall into a shaft and drop 2 floors!
  5202 | D:8      | Found a flagged portal.
  5288 | D:8      | Noticed a two-headed ogre
  5300 | D:8      | Killed a two-headed ogre
  5301 | D:8      | Reached XP level 9. HP: 79/82 MP: 8/8
  5436 | D:8      | Found a hazy altar of Hepliaklqana.
  5436 | D:8      | Found an ancient bone altar of Kikubaaqudgha.
  5583 | D:7      | Noticed a troll
  5596 | D:7      | Killed a troll
  6712 | D:7      | Identified the +3 ring mail of the Gate {Rampage Str+3}
  6928 | D:7      | Reached XP level 10. HP: 68/87 MP: 9/9
  7573 | D:8      | Found a broken altar of Ashenzari.
  7768 | D:9      | Identified the +1 ring mail of Erchituoj {Will++}
  7844 | D:9      | Reached skill level 10 in Axes
  7846 | D:9      | Reached skill level 10 in Fighting
  7953 | D:9      | Noticed a deep elf pyromancer
  7955 | D:9      | Noticed a centaur warrior
  7974 | D:9      | Noticed a deep elf pyromancer
  7984 | D:9      | Noticed a centaur warrior
  8007 | D:9      | Noticed a boulder beetle
  8205 | D:9      | Reached skill level 10 in Armour
  8213 | D:9      | Reached ***** piety under Trog
  8270 | D:9      | Killed a deep elf pyromancer
  8326 | D:9      | Found a large runed translucent door.
  8363 | D:9      | Found a staircase to the Orcish Mines.
  8438 | D:9      | Noticed a six-headed hydra
  8457 | D:9      | Killed a six-headed hydra
  8458 | D:9      | Reached XP level 11. HP: 89/101 MP: 10/10
  8466 | D:9      | HP: 5/101 [centaur warrior/arrow (13)]
  8467 | D:9      | HP: 2/101 [centaur warrior/arrow (4)]
  8467 | D:9      | Shot with an arrow by a centaur warrior

Illustrated notes

Levels and vault maps discovered:
D:1:      ebering_trefoil_twist, layout_basic, serial_rivers,
          chequers_serial_rivers_micro_b, chequers_serial_rivers_micro_c,
          chequers_serial_rivers_micro_d, chequers_serial_rivers_micro_d,
          hellmonk_ecumenical_altar_defaced_shrine, minmay_misc_feat_rows,
          minivault_27, chequers_jeans, minmay_domino_2
D:2:      layout_basic, amcnicky_mini_pool_small
D:3:      layout_loops_ring, lightli_sewer_entry_pipes
D:4:      layout_loops_ring, elyvilon_altar_5, serial_shops,
          nicolae_shop_tiny_glass, nicolae_stop_n_shop_2, st_stairs_12,
          hex_tiny, nicolae_specific_store
D:5:      layout_basic, mainiacjoe_overflow_24_doors, uniq_edmund
D:6:      layout_rooms, minmay_temple_entry_large_hall, serial_shops, shop,
          nicolae_shop_i_like_big_books, chequers_serial_rivers_small_a
D:7:      kennysheep_seaside_town, layout_cave_pods, grunt_ministairs_6,
          minmay_between
D:8:      layout_gridville, ashenzari_conservatory_becter,
          mainiacjoe_overflow_large_starburst, enter_bailey_5, lightli_minifort
D:9:      due_chaos_kobolds, layout_basic, erik_orc_4,
          minmay_fractal_squares_gapless_7

Skill      XL: |  1  2  3  4  5  6  7  8  9 10 |
---------------+-------------------------------+-----
Axes           | 4 5 6 8 9 10 | 10.9
Fighting       | 4 5 6 8 9 10 | 10.8
Armour         | 3 4 5 6 7 9 10 | 10.5
Dodging        | 3 4 5 7 8 9 |  9.6

Action                     |  1- 3 |  4- 6 |  7- 9 | 10-12 || total
---------------------------+-------+-------+-------+-------++-------
  Melee: Hand axe          |    89 |       |       |       ||    89
         Headbutt          |    11 |    12 |    15 |    25 ||    63
         Spear             |     6 |    75 |   137 |   116 ||   334
         Punch             |       |     1 |     1 |       ||     2
         Dire flail        |       |       |    10 |       ||    10
 Invoke: Berserk           |     1 |       |     2 |     1 ||     4
    Use: Scroll            |       |       |     1 |       ||     1
   Stab: Distracted        |       |       |       |     2 ||     2
 Armour: Animal skin       |     2 |       |       |       ||     2
         Ring mail         |    38 |    19 |    23 |       ||    80
         Chain mail        |       |       |    40 |    50 ||    90
         Plate armour      |       |       |    41 |    31 ||    72
  Dodge: Dodged            |    51 |    34 |   101 |    61 ||   247
